AoeStats
← サンテアゴ

Oasis

509556960Analyzed
4v4 RM · 6d ago on Sep 27, 2026· 34m 12s· 8 players
Game mode
Random Map
Map size
Large (8 player)
Population
200
Speed
Normal
Resources
Standard
Victory
Conquest
Starting age
Dark Age
Ending age
Imperial Age
RankedLock teamsTeams togetherTeam positionsShared explorationLock speedFull tech treeHidden civsTurbo modeCheats
Victory
Defeat
🇮🇩 Goths · Indonesia
1041
+13
🇧🇷 Ethiopians · Brazil
1000
+15
🇩🇪 Danes · Germany
1000
+45
🇷🇴 Tatars · Romania
972
+16
🇨🇳 Poles · China
1025
-17
🇯🇵 Portuguese · Japan
973
-15
🇦🇺 Varangians · Australia
953
-14
🇨🇳 Magyars · China
933
-13
サンテアゴ
11:46 Feudal Age
15:34 Castle Age
18:07 Loom
18:58 Wheelbarrow
20:09 Double-Bit Axe
20:25 Horse Collar
22:08 Bow Saw
25:34 Gold Mining
25:54 Heavy Plow
27:40 Hand Cart
27:43 Stone Mining
30:55 Imperial Age
28:22 Fletching
28:36 Scale Mail Armor
28:47 Forging
29:21 Stone Shaft Mining
30:23 Town Watch
31:51 Bodkin Arrow
32:12 Chain Mail Armor
32:33 Iron Casting
32:02 Caravan
33:05 Chemistry
32:26 Ballistics
32:16 Masonry
32:12 Siege Engineers
32:06 Murder Holes
32:53 Conscription
33:07 Circumnavigation
33:56 Town Patrol
wqq1997
3:04 Loom
11:19 Feudal Age
16:19 Castle Age
14:08 Double-Bit Axe
14:51 Horse Collar
17:50 Bow Saw
22:18 Heavy Plow
23:44 Wheelbarrow
26:28 Gold Mining
30:16 Imperial Age
28:57 Hand Cart
28:50 Caravan
29:35 Stone Mining
31:44 Stone Shaft Mining
32:36 Coinage
33:04 Conscription
32:50 Szlachta Privileges
33:33 Banking
33:26 Bloodlines
33:16 Husbandry
34:25 Crop Rotation
33:52 Cavalier
33:53 Light Cavalry
Fonty13
2:42 Loom
11:48 Feudal Age
12:27 Double-Bit Axe
12:26 Horse Collar
19:07 Loom
21:24 Castle Age
25:44 Wheelbarrow
24:55 Loom
28:22 Heavy Plow
30:37 Fortified Wall
31:35 Bow Saw
31:35 Scale Mail Armor
31:45 Forging
31:27 Fletching
33:11 Hand Cart
32:42 Town Watch
33:17 Squires
33:03 Gambesons
32:59 Man-at-Arms
33:25 Arson
34:31 Chain Mail Armor
34:51 Iron Casting
949463290
10:47 Feudal Age
13:14 Double-Bit Axe
16:47 Horse Collar
22:38 Castle Age
20:31 Stone Mining
25:30 Gold Mining
26:18 Bow Saw
35:20 Imperial Age
L.U.C.4
6:52 Loom
9:54 Feudal Age
11:55 Double-Bit Axe
18:44 Wheelbarrow
21:55 Castle Age
20:31 Fletching
20:41 Padded Archer Armor
20:50 Scale Barding Armor
20:33 Horse Collar
20:48 Gold Mining
20:55 Stone Mining
25:29 Bloodlines
25:21 Husbandry
29:23 Bow Saw
29:56 Gold Shaft Mining
36:34 Imperial Age
Don Constan
4:36 Loom
13:09 Feudal Age
13:38 Double-Bit Axe
13:49 Horse Collar
14:02 Gold Mining
13:36 Man-at-Arms
14:40 Arson
20:44 Forging
22:25 Fletching
23:02 Padded Archer Armor
23:05 Scale Mail Armor
27:05 Castle Age
25:42 Stone Mining
27:07 Wheelbarrow
26:18 Town Watch
28:15 Bow Saw
28:07 Heavy Plow
27:52 Crossbowman
27:57 Long Swordsman
28:39 Squires
31:44 Iron Casting
31:05 Bodkin Arrow
sascha.m.89x
11:41 Feudal Age
12:27 Double-Bit Axe
12:31 Horse Collar
16:46 Wheelbarrow
17:38 Stone Mining
20:22 Castle Age
20:09 Scale Mail Armor
20:19 Forging
21:54 Bow Saw
22:46 Heavy Plow
23:35 Gold Mining
27:01 Hand Cart
27:17 Chain Mail Armor
27:38 Iron Casting
27:06 Squires
26:52 Gambesons
30:35 Imperial Age
28:40 Gambesons
28:41 Arson
29:02 Squires
28:24 Man-at-Arms
31:14 Gold Shaft Mining
31:18 Stone Shaft Mining
31:42 Chain Mail Armor
32:02 Iron Casting
30:58 Elite Varangian Guard
33:46 Conscription
32:52 Hamask
34:21 Ballistics
34:47 Plate Mail Armor
OtongSlayer
0:32 Loom
10:15 Feudal Age
17:25 Castle Age
15:35 Horse Collar
15:46 Double-Bit Axe
17:37 Man-at-Arms
18:07 Horse Collar
20:24 Bow Saw
20:49 Gold Mining
22:28 Scale Mail Armor
22:32 Squires
22:46 Heavy Plow
24:07 Long Swordsman
25:02 Forging
28:12 Chain Mail Armor
30:10 Wheelbarrow
30:20 Town Watch
31:21 Iron Casting
31:48 Hand Cart
35:57 Imperial Age
Connection lost

Rejoining the realm…

Still unreachable

The connection could not be restored.

Session expired

The server has moved on; the page needs a fresh start.